 Dungeon Crawl Stone Soup version 0.28-a0-1382-g92835e5c71 (webtiles) character file.

Game seed: 573580198603369339

141 lunkers the Chopper (level 5, 0/47 HPs)
             Began as a Minotaur Cinder Acolyte on Dec 27, 2021.
             Was a High Priest of Ignis.
             Killed by divine providence
             ... invoked by an orc priest
              (14 damage)
             ... on level 3 of the Dungeon on Jan 1, 2022.
             The game lasted 00:02:15 (2977 turns).

lunkers the Chopper (Minotaur Cinder Acolyte)       Turns: 2977, Time: 00:02:16

Health: 0/47       AC: 10    Str: 20    XL:     5   Next: 3%
Magic:  5/5        EV:  5    Int: 11    God:    Ignis [*****.]
Gold:   51         SH:  0    Dex:  6    Spells: 6/6 levels left

rFire   + . .      SeeInvis .   a - -1 hand axe (flame)
rCold   . . .      Faith    .   (no shield)
rNeg    . . .      Spirit   .   i - +0 plate armour
rPois   .          Reflect  .   (helmet restricted)
rElec   .          Harm     .   (no cloak)
rCorr   .          Rampage  .   (no gloves)
Will    +....                   (no boots)
Stlth   ..........              (no amulet)
HPRegen 0.15/turn               f - ring of willpower
MPRegen 0.09/turn               (no ring)

@: no status effects
A: horns 2, retaliatory headbutt
a: Renounce Religion, Fiery Armour, Foxfire Swarm, Rising Flame


You were on level 3 of the Dungeon.
You worshipped Ignis.
Ignis was extremely pleased with you.
You visited 1 branch of the dungeon, and saw 3 of its levels.

You collected 51 gold pieces.

Inventory:

Hand Weapons
 a - a -1 hand axe of flaming (weapon)
Missiles
 j - 14 poisoned darts (quivered)
Armour
 b - a +0 robe
 g - a +0 ring mail
 i - a +0 plate armour (worn)
Jewellery
 f - a ring of willpower (left hand)
Scrolls
 c - a scroll of enchant armour {unknown}
 d - 2 scrolls of identify {unknown}
 e - a scroll of amnesia {unknown}
 h - 2 scrolls of blinking {unknown}
 k - a scroll of acquirement {unknown}


   Skills:
 + Level 4.8 Fighting
 * Level 6.1 Axes
 + Level 0.1 Armour
 - Level 1.0 Spellcasting
 - Level 2.1 Fire Magic


You had 6 spell levels left.
You didn't know any spells.
Your spell library contained the following spells:

 Spells                   Type           Power      Damage    Failure   Level
 Scorch                   Fire           10%        2d5       100%        2


Dungeon Overview and Level Annotations

Branches:
Dungeon (3/15)

Altars:


Innate Abilities, Weirdness & Mutations

You have a pair of horns on your head.
You reflexively headbutt those who attack you in melee.


Message History

The puff of flame hits you. You resist.
You see here a +0 dagger.
You throw a poisoned dart. The poisoned dart hits the orc wizard.
The orc priest looks satisfied for a moment.
A goblin comes into view. It is wielding a +0 club.
The orc wizard hits you with a +0 dagger.
The orc priest calls down the wrath of Beogh upon you.
Beogh smites you! The orc hits you but does no damage.
You see here a poisoned dart.
You hit the orc wizard. You burn the orc wizard.
Your headbutt misses the orc wizard.
The orc wizard is lightly wounded.
You hit the orc. You burn the orc.
You kill the orc!
The orc wizard hits you but does no damage.
You completely miss the orc wizard. Your headbutt misses the orc wizard.
The orc wizard is lightly wounded.
You closely miss the goblin.
The orc wizard gestures at you while chanting.
You resist with almost no effort. The goblin hits you but does no damage.
You barely miss the orc wizard. Your headbutt misses the orc wizard.
The orc wizard is lightly wounded.
You hit the goblin but do no damage. The goblin hits you with a +0 club.
* * * LOW HITPOINT WARNING * * *
The orc wizard hits you but does no damage.
You closely miss the orc priest. Your headbutt misses the orc priest.
You miss the goblin.
You hit the orc wizard but do no damage.
The orc priest invokes the aid of Beogh against you.
Beogh smites you!
* * * LOW HITPOINT WARNING * * *
The goblin hits you but does no damage.
The orc wizard hits you but does no damage.
You hit the orc priest. You burn the orc priest.
The orc priest is moderately wounded.
You barely miss the goblin.
You hit the orc wizard but do no damage.
The orc priest mumbles some strange prayers to Beogh against you.
Beogh smites you!
You die...

..# ##.##
#...# ...
... #####(#
#...go#
#.#.o@##
#......##
####...))..#
.......$..#
##........#
#........##
#.......##
#......##
##......# #


You could see an orc priest, an orc wizard and a goblin.

Vanquished Creatures
  An orc priest (D:3)
  An adder (D:3)
  3 gnolls
  2 dart slugs (D:2)
  7 orcs (D:3)
  8 bats
  2 endoplasms
  3 giant cockroaches
  A goblin (D:3)
  7 hobgoblins
  2 jackals (D:1)
  7 kobolds (D:1)
  2 quokkas
  5 ball pythons
  5 frilled lizards
  4 rats
60 creatures vanquished.

Notes
Turn   | Place    | Note
-------+----------+-------------------------------------------
     0 | D:1      | lunkers the Minotaur Cinder Acolyte began the quest for the
                  | Orb.
     0 | D:1      | Reached XP level 1. HP: 19/19 MP: 1/1
   155 | D:1      | Reached skill level 4 in Axes
   597 | D:1      | Reached XP level 2. HP: 25/27 MP: 2/2
  1323 | D:1      | Reached XP level 3. HP: 27/33 MP: 3/3
  1727 | D:2      | Reached skill level 5 in Axes
  2044 | D:2      | Reached XP level 4. HP: 41/41 MP: 4/4
  2778 | D:3      | Upgraded the game from 0.28-a0-1312-g71652a0310 to
                  | 0.28-a0-1382-g92835e5c71
  2819 | D:3      | Reached skill level 6 in Axes
  2969 | D:3      | Reached XP level 5. HP: 47/47 MP: 5/5
  2977 | D:3      | Killed from afar by an orc priest

Illustrated notes

Levels and vault maps discovered:
D:1:      mushboom_english_gardens, layout_basic, minmay_3d_cube
D:2:      layout_loops_corners
D:3:      layout_loops_ring, minmay_misc_feat_tiny

Skill      XL: |  1  2  3  4 |
---------------+-------------+-----
Axes           | 4 5 6 |  6.1
Fighting       | 4 |  4.8
Armour         | |  0.1
Spellcasting   | |  1.0
Fire Magic     | |  2.1

Action                   |  1- 3 |  4- 6 || total
-------------------------+-------+-------++-------
Melee: Hand axe          |    77 |    68 ||   145
       Headbutt          |     2 |     6 ||     8
Throw: Dart              |       |    21 ||    21
Armor: Robe              |    14 |       ||    14
       Ring mail         |    22 |       ||    22
       Plate armour      |       |    44 ||    44
Dodge: Dodged            |    59 |    15 ||    74

Table legend: (Time is in decaauts)
 A = Elapsed time spent in this place.
 B = Non-inter-level travel time spent in this place.
 C = Inter-level travel time spent in this place.
 D = Time resting spent in this place.
 E = Time spent auto-exploring this place.
 F = Levels seen in this place.
 G = Mean time per level.
                   A        B        C        D        E       F      G
               +--------+--------+--------+--------+--------+-----+--------+
         Total |   2984 |   2856 |    128 |    158 |   2299 |   3 |  994.7 |
       Dungeon |   2984 |   2856 |    128 |    158 |   2299 |   3 |  994.7 |
               +--------+--------+--------+--------+--------+-----+--------+

Top non-repeatable levels by time:
     D:1: 1803 daAuts
     D:2: 882 daAuts
     D:3: 299 daAuts
